 Dungeon Crawl Stone Soup version 0.22-a0-612-gd2f0174 (webtiles) character file.

23 Amnesiac the Magician (level 2, -1/19 HPs)
             Began as a Mummy Wizard on July 11, 2018.
             Slain by a gnoll (8 damage)
             ... on level 2 of the Dungeon.
             The game lasted 00:00:59 (528 turns).

Amnesiac the Magician (Mummy Wizard)                 Turns: 528, Time: 00:01:00

Health: -1/19      AC:  2    Str: 10    XL:     2   Next: 72%
Magic:  0/7        EV: 12    Int: 20    God:
Gold:   52         SH:  0    Dex: 10    Spells: 6/9 levels left

rFire    x . .     SeeInvis .   b - +0 war axe
rCold    + . .     Gourm    .   (no shield)
rNeg     + + +     Faith    .   a - +0 robe
rPois    ∞         Spirit   .   (no helmet)
rElec    .         Reflect  .   (no cloak)
rCorr    .         Harm     .   (no gloves)
MR       .....                  (no boots)
Stlth    ++........             (no amulet)
HPRegen  0.06/turn              c - +3 ring of intelligence
MPRegen  0.10/turn              (no ring)

@: no status effects
A: no food or potions, fire vulnerability, cold resistance 1, negative energy
resistance 3, torment resistance, unbreathing
a: no special abilities


You were on level 2 of the Dungeon.
You were not hungry.

You visited 1 branch of the dungeon, and saw 2 of its levels.

You collected 52 gold pieces.

Inventory:

Hand Weapons
 b - a +0 war axe (weapon)
Armour
 a - a +0 robe (worn)
Jewellery
 c - a +3 ring of intelligence (left hand)


   Skills:
 - Level 1.5 Dodging
 - Level 1.5 Stealth
 - Level 4.0 Spellcasting
 + Level 2.2 Conjurations
 - Level 0.7 Summonings
   Level 0.7 Translocations


You had 6 spell levels left.
You knew the following spells:

 Your Spells              Type           Power        Failure   Level  Hunger
a - Magic Dart            Conj           ##..         4%          1    N/A
b - Call Imp              Summ           #.......     14%         2    N/A

Your spell library contained the following spells:

 Spells                   Type           Power        Failure   Level  Hunger
 Conjure Flame            Conj/Fire      #.......     24%         3    N/A
 Slow                     Hex            #.......     19%         2    N/A
 Mephitic Cloud           Conj/Pois/Air  #.......     28%         3    N/A
 Blink                    Tloc           N/A          14%         2    N/A

Dungeon Overview and Level Annotations

Branches:
Dungeon (2/15)

Altars:


Innate Abilities, Weirdness & Mutations

You do not eat or drink.
Your flesh is vulnerable to fire.
You are immune to poison.
Your flesh is cold resistant. (rC+)
You are immune to negative energy. (rN+++)
You are immune to unholy pain and torment.
You can survive without breathing.


Message History

Confirm with . or Enter, or press ? or * to list all spells.
Aiming: Magic Dart (safe; 4% risk of failure)
Press: ? - help, Shift-Dir - straight line, f/p - hobgoblin
Aim: a hobgoblin (moderately wounded)
The magic dart hits the hobgoblin.
The hobgoblin is heavily wounded.
The leopard gecko hisses menacingly.
There are monsters nearby!
Casting: Magic Dart (safe; 4% risk of failure)
Confirm with . or Enter, or press ? or * to list all spells.
Aiming: Magic Dart (safe; 4% risk of failure)
Press: ? - help, Shift-Dir - straight line, f/p - hobgoblin
Aim: a hobgoblin (heavily wounded)
The magic dart hits the hobgoblin.
You kill the hobgoblin!
A leopard gecko is nearby!
Casting: Magic Dart (safe; 4% risk of failure)
Confirm with . or Enter, or press ? or * to list all spells.
You don't have enough magic to cast that spell.
A leopard gecko is nearby!
Casting: Magic Dart (safe; 4% risk of failure)
Confirm with . or Enter, or press ? or * to list all spells.
You don't have enough magic to cast that spell.
A leopard gecko is nearby!
Casting: Magic Dart (safe; 4% risk of failure)
Confirm with . or Enter, or press ? or * to list all spells.
You don't have enough magic to cast that spell.
A leopard gecko is nearby!
You see here a giant cockroach corpse. 3 gnolls come into view.
The gnoll shouts!
You hear a shout!
The leopard gecko hisses menacingly.
A gnoll comes into view. It is wielding a spear.
The gnoll shouts! x2
The leopard gecko hisses menacingly.
The leopard gecko barely misses you.
A quokka comes into view.
Casting: Magic Dart (safe; 4% risk of failure)
Confirm with . or Enter, or press ? or * to list all spells.
Okay, then.
Really read
d - a scroll labeled QOFYITT KULL {!r}?
As you read the scroll labeled QOFYITT KULL {!r}, it crumbles to dust.
You feel blessed for a moment.
It was a scroll of remove curse {!r}.
The gnoll hits you! The quokka barely misses you.
You can't drink.
Unknown command.
Casting: Magic Dart (safe; 4% risk of failure)
Confirm with . or Enter, or press ? or * to list all spells.
Aiming: Magic Dart (safe; 4% risk of failure)
Press: ? - help, Shift-Dir - straight line, f - quokka
Aim: a quokka The magic dart hits the quokka.
The quokka is lightly wounded.
The gnoll hits you. The quokka bites you.
* * * LOW HITPOINT WARNING * * *
Casting: Magic Dart (safe; 4% risk of failure)
Confirm with . or Enter, or press ? or * to list all spells.
Aiming: Magic Dart (safe; 4% risk of failure)
Press: ? - help, Shift-Dir - straight line, f/p - quokka
Aim: a quokka (lightly wounded)
The magic dart hits the quokka.
The quokka is lightly wounded.
The quokka barely misses you. The gnoll hits you!
You die...

######################
+....r@glgg.g...g.....
#+###########.########
#.# #.# #.# #†#
#########.#########
...................
....$l.).!.........


You could see 4 gnolls, a leopard gecko and a quokka.

Vanquished Creatures
  An adder (D:2)
  A giant cockroach (D:2)
  A goblin (D:2)
  5 hobgoblins
  A kobold (D:2)
  3 bats
  A rat (D:1)
13 creatures vanquished.

Notes
Turn   | Place    | Note
-------+----------+-------------------------------------------
     0 | D:1      | Amnesiac the Mummy Wizard began the quest for the Orb.
     0 | D:1      | Reached XP level 1. HP: 13/13 MP: 5/5
    37 | D:1      | Reached skill level 1 in Conjurations
   334 | D:2      | Reached XP level 2. HP: 19/19 MP: 0/7
   349 | D:2      | Learned a level 2 spell: Call Imp
   528 | D:2      | Slain by a gnoll

Vault maps used:
D:1:      dpeg_arrival_court
D:2:      minmay_wonky_spiral, overflow_temple_1_default,
          lightli_temple_of_fire, serial_park_tiny_2

Skill      XL: |  1  2 |
---------------+-------+-----
Conjurations   | 1 2 |  2.2
Dodging        | |  1.5
Stealth        | |  1.5
Spellcasting   | |  4.0
Summonings     | |  0.7
Translocations | |  0.7

Action                   || total
-------------------------++-------
Melee: Unarmed           ||     8
       War axe           ||     2
 Cast: Magic Dart        ||    34
  Use: Scroll            ||     1
Armor: Robe              ||     5
Dodge: Dodged            ||    16

Table legend:
 A = Spawn XP
 B = Non-spawn XP
 C = Spawn XP percentage of total XP
 D = Spawn monster count
 E = Non-spawn monster count
 F = Spawn count percentage of total count
 G = Total turns spent on level
                    A         B        C        D         E        F      G
               +---------+---------+-------+---------+---------+-------+---------
         Total |       0 |      33 |   0.0 |       0 |      13 |   0.0 |   528
               +---------+---------+-------+---------+---------+-------+---------
           D:1 |       0 |       4 |   0.0 |       0 |       3 |   0.0 |   222
           D:2 |       0 |      29 |   0.0 |       0 |      10 |   0.0 |   306
               +---------+---------+-------+---------+---------+-------+---------
